Map: Fields of Shazir

Players

Swayn

  • Race: Protoss Protoss
  • League: Platinum
  • Spawn Location: 9:00

xXTechnisXx

  • Race: Protoss Protoss
  • Spawn Location: 9:00

Vladster

  • Race: Zerg Zerg
  • Spawn Location: 7:00

Loken - Winner!

  • Race: Zerg Zerg
  • League: Platinum
  • Spawn Location: 3:00

dallaskuken - Winner!

  • Race: Protoss Protoss
  • League: Platinum
  • Spawn Location: 5:00

Myran - Winner!

  • Race: Protoss Protoss
  • Spawn Location: 3:00

VOD

Have the link to the VOD?

Description

Time

  • Played on: March 14, 2017, 7:12 p.m.
  • Length: 11:55
Show
View Real Time Build Order
Export as new Build Order

Swayn Protoss 

Build Orders:  

Get SALT Encoding   

  12  0:01  Probe (Chrono Boost)  
  13  0:12  Probe (Chrono Boost)  
  14  0:25  Pylon, Probe (Chrono Boost)  
  15  0:30  Assimilator  
  15  0:43  Probe (Chrono Boost)  
  15  0:47  Gateway  
  16  0:53  Probe (Chrono Boost)  
  17  1:12  Gateway  
  17  1:19  Probe (Chrono Boost)  
  17  1:20  Pylon  
  18  1:30  Probe (Chrono Boost)  
  19  1:40  Cybernetics Core  
  19  1:44  Zealot  
  21  1:53  Probe (Chrono Boost)  
  22  1:56  Assimilator  
  22  2:00  Pylon  
  22  2:07  Zealot  
  24  2:20  Mothership Core (Chrono Boost)  
  26  2:23  Warp Gate  
  28  2:30  Sentry  
  28  2:38  Probe (Chrono Boost)  
  29  2:48  Probe (Chrono Boost)  
  30  2:56  Gateway x2  
  30  3:13  Adept x2  
  34  3:27  Pylon  
  34  3:28  Pylon  
  34  3:58  Forge  
  34  4:04  Robotics Facility  
  30  4:28  Adept x3  
  36  4:52  Warp Prism  
  38  4:56  Adept  
  38  4:57  Adept x2  
  42  5:28  Immortal  
  46  5:35  Protoss Shields Level 1  
  46  5:45  Twilight Council  
  46  5:50  Photon Cannon  
  46  5:54  Photon Cannon  
  46  6:05  Pylon  
  46  6:07  Pylon  
  46  6:10  Assimilator  
  46  6:12  Observer  
  46  6:14  Assimilator  
  47  6:30  Stalker  
  47  6:31  Stalker x2  
  53  6:38  Resonating Glaives  
  53  6:57  Probe (Chrono Boost)  
  54  7:15  Nexus  
  54  7:29  Sentry  
  56  7:30  Protoss Ground Weapons Level 1, Sentry x3  
  63  7:38  Probe (Chrono Boost)  
  63  7:50  Photon Cannon, Probe (Chrono Boost)  
  64  7:55  Sentry x2  
  68  8:12  Zealot  
  70  8:21  Pylon  
  70  8:25  Pylon  
  70  8:28  Pylon  
  70  8:40  Probe (Chrono Boost)  
  72  8:41  Probe (Chrono Boost)  
  72  8:50  Probe (Chrono Boost)  
  72  8:53  Probe (Chrono Boost)  
  72  9:09  Mothership Core (Chrono Boost)  
  54  9:15  Stalker x4  
  38  9:38  Immortal  
  38  9:40  Adept x3  
  38  9:41  Adept  
  36  10:05  Stalker x2  
  40  10:26  Photon Cannon  
  40  10:28  Photon Cannon  
  40  10:32  Photon Cannon  
  40  10:35  Stalker x2, Photon Cannon  
  39  10:36  Photon Cannon  
  39  10:42  Photon Cannon  
  34  10:56  Photon Cannon  
  30  10:57  Photon Cannon x2  
  30  10:58  Photon Cannon  
  16  11:18  Pylon  
  16  11:28  Photon Cannon  
  16  11:29  Photon Cannon  
  16  11:31  Photon Cannon  
  16  11:34  Photon Cannon  
Show
View Real Time Build Order
Export as new Build Order

xXTechnisXx Protoss 

Build Orders:  

Get SALT Encoding   

  12  0:04  Probe (Chrono Boost)  
  13  0:15  Probe (Chrono Boost)  
  14  0:21  Pylon  
  14  0:32  Probe (Chrono Boost)  
  15  0:41  Gateway  
  15  0:55  Gateway  
  15  0:59  Assimilator  
  15  1:01  Probe (Chrono Boost)  
  16  1:16  Forge  
  16  1:33  Zealot  
  18  1:41  Cybernetics Core  
  18  1:49  Zealot  
  20  2:10  Photon Cannon  
  20  2:20  Pylon  
  20  2:27  Probe (Chrono Boost)  
  25  2:56  Photon Cannon  
  23  3:13  Mothership Core (Chrono Boost)  
  15  3:45  Stalker  
  15  3:46  Stalker  
  15  3:53  Pylon  
  15  3:55  Warp Gate  
  15  4:09  Photon Cannon  
  15  4:39  Pylon  
  12  5:07  Pylon  
  12  5:16  Pylon  
  12  5:38  Probe (Chrono Boost)  
  13  5:49  Probe (Chrono Boost)  
  14  5:59  Probe (Chrono Boost)  
  15  6:06  Zealot x2  
  15  6:10  Probe (Chrono Boost)  
  20  6:20  Probe (Chrono Boost)  
  21  6:31  Photon Cannon, Probe (Chrono Boost)  
  22  6:38  Gateway  
  22  6:52  Gateway  
  22  7:17  Photon Cannon  
  22  7:20  Gateway  
  22  7:26  Pylon  
  22  7:27  Probe (Chrono Boost)  
  23  7:40  Protoss Ground Weapons Level 1  
  23  7:43  Probe (Chrono Boost)  
  24  7:53  Probe (Chrono Boost)  
  25  8:05  Pylon  
  25  8:30  Nexus  
  25  8:32  Probe (Chrono Boost)  
  26  8:42  Sentry, Probe (Chrono Boost)  
  29  8:49  Stalker  
  31  8:58  Zealot  
  31  9:01  Zealot  
  33  9:28  Stalker  
  33  9:29  Stalker x2  
  27  9:53  Assimilator  
  27  10:01  Photon Cannon  
  27  10:04  Photon Cannon  
  27  10:12  Probe x2 (Chrono Boost)  
  29  10:22  Probe x2 (Chrono Boost)  
  29  10:24  Stalker x4  
  39  10:33  Probe x2 (Chrono Boost)  
  41  10:36  Photon Cannon  
  41  10:41  Pylon  
  41  10:42  Pylon  
  41  10:43  Probe x2 (Chrono Boost)  
  43  10:51  Stalker  
  43  10:54  Probe x2 (Chrono Boost)  
  47  11:04  Probe (Chrono Boost)  
  47  11:05  Probe (Chrono Boost)  
  49  11:15  Probe x2 (Chrono Boost)  
  52  11:25  Probe (Chrono Boost)  
  52  11:37  Stalker x2  
  52  11:38  Stalker x2  
Show
View Real Time Build Order
Export as new Build Order

Vladster Zerg 

Build Orders: Pool First 

Get SALT Encoding   

  12  0:20  Spawning Pool  
  11  0:37  Extractor  
  11  0:40  Extractor  
  9  0:47  Drone x2  
  11  0:53  Drone  
  12  0:59  Drone  
  13  1:10  Zergling x2  
  14  1:24  Overlord  
  14  1:32  Evolution Chamber  
  13  1:41  Zergling x2  
  13  1:46  Zergling x2  
  15  1:57  Zergling x2  
  16  2:10  Zergling x2  
  16  2:14  Zergling x2  
  18  2:24  Zergling x2  
  19  2:35  Drone  
  20  2:57  Zergling x4  
  22  3:01  Lair  
  16  3:48  Zergling x6  
  18  4:01  Hydralisk Den  
  18  4:02  Zergling x2  
  18  4:07  Zerg Missile Weapons Level 1  
  18  4:21  Drone  
  18  4:22  Drone  
  15  5:01  Hydralisk x3  
  21  5:17  Overlord  
  21  5:34  Queen, Lurker Den  
  23  5:39  Zergling x4  
  25  5:53  Drone  
  25  5:56  Drone  
  27  6:08  Drone  
  28  6:21  Drone  
  29  6:35  Overlord  
  29  6:53  Overlord x2  
  29  7:10  Hydralisk x3  
  35  7:17  Lurker x3  
  35  7:22  Hydralisk  
  40  7:44  Hatchery  
  39  7:58  Drone x2  
  39  7:59  Drone x2  
  39  8:03  Zerg Missile Weapons Level 2  
  26  9:14  Hydralisk  
  26  9:15  Hydralisk x5  
  38  9:30  Hydralisk  
Show
View Real Time Build Order
Export as new Build Order

Loken Zerg - Winner!

Build Orders: Hatch First 

Get SALT Encoding   

  12  0:01  Drone  
  13  0:09  Drone  
  14  0:21  Overlord  
  14  0:30  Extractor  
  14  0:31  Drone  
  15  0:40  Drone  
  17  0:50  Drone  
  17  1:00  Drone  
  18  1:05  Hatchery  
  17  1:11  Drone  
  18  1:22  Spawning Pool  
  17  1:30  Drone  
  18  1:33  Drone x2  
  18  1:39  Extractor  
  19  1:47  Drone  
  19  1:53  Drone  
  21  2:07  Overlord  
  21  2:14  Queen, Roach Warren  
  22  2:17  Queen  
  22  2:21  Drone  
  25  2:25  Zergling x2  
  25  2:28  Zergling x2  
  27  2:33  Zergling x2  
  28  2:46  Drone  
  28  2:49  Drone x2  
  31  2:54  Spine Crawler x2  
  31  2:56  Metabolic Boost  
  28  3:16  Zergling x10  
  31  3:30  Zergling x10  
  33  3:44  Overlord x2  
  33  3:49  Extractor  
  33  3:50  Drone  
  33  3:57  Drone x3  
  33  4:02  Drone  
  37  4:03  Drone  
  37  4:04  Drone  
  37  4:32  Roach x3  
  37  4:33  Roach x3  
  43  5:09  Drone x4  
  43  5:10  Drone x3  
  43  5:12  Drone x3  
  43  5:13  Drone  
  52  5:15  Overlord  
  52  5:16  Overlord  
  52  5:27  Overlord  
  52  5:28  Overlord x2  
  52  5:39  Extractor  
  51  5:43  Drone x5  
  51  5:46  Extractor  
  51  5:48  Spore Crawler  
  54  5:51  Spore Crawler  
  53  5:57  Lair  
  53  6:23  Drone  
  53  6:24  Drone x9  
  63  6:56  Hatchery  
  62  7:02  Spire  
  61  7:13  Zergling x14  
  61  7:14  Zergling x8  
  72  7:23  Zergling x12  
  78  7:30  Hatchery  
  78  7:32  Queen  
  79  7:40  Overseer  
  79  7:49  Zergling x4  
  79  7:50  Zergling x6  
  84  7:58  Queen  
  86  8:07  Overlord x3  
  86  8:08  Overlord x2  
  86  8:29  Drone x3  
  86  8:30  Drone x7  
  96  8:54  Mutalisk  
  96  8:55  Mutalisk x13  
  109  10:19  Mutalisk  
  109  10:20  Mutalisk x11  
  122  11:13  Zergling x20  
  122  11:14  Zergling x12  
  122  11:17  Overlord  
  122  11:18  Overlord x7  
Show
View Real Time Build Order
Export as new Build Order

dallaskuken Protoss - Winner!

Build Orders:  

Get SALT Encoding   

  12  0:01  Probe (Chrono Boost)  
  13  0:11  Probe (Chrono Boost)  
  14  0:25  Probe (Chrono Boost)  
  15  0:30  Pylon  
  15  0:49  Pylon  
  15  0:51  Probe (Chrono Boost)  
  16  1:02  Probe (Chrono Boost)  
  17  1:08  Gateway  
  17  1:12  Gateway, Probe (Chrono Boost)  
  18  1:23  Probe (Chrono Boost)  
  19  1:33  Probe (Chrono Boost)  
  20  1:41  Pylon  
  20  1:56  Zealot  
  20  1:59  Zealot  
  24  2:12  Forge  
  24  2:14  Gateway  
  24  2:20  Zealot  
  24  2:26  Zealot  
  28  2:43  Zealot  
  30  2:53  Zealot  
  28  3:33  Zealot  
  26  3:37  Zealot  
  26  3:41  Zealot  
  28  4:08  Zealot  
  30  4:14  Zealot  
  30  4:32  Zealot  
  30  4:35  Zealot  
  32  4:41  Zealot  
  32  4:55  Zealot  
  32  5:00  Assimilator  
  32  5:02  Zealot  
  32  5:04  Assimilator  
  32  5:05  Cybernetics Core  
  30  5:29  Zealot  
  30  5:38  Probe (Chrono Boost)  
  31  5:44  Pylon  
  31  5:54  Pylon  
  31  5:57  Pylon  
  31  5:59  Pylon  
  31  6:02  Probe (Chrono Boost)  
  32  6:13  Probe (Chrono Boost)  
  32  6:14  Warp Gate, Gateway  
  32  6:17  Gateway  
  32  6:18  Gateway x2  
  33  6:23  Probe (Chrono Boost)  
  34  6:32  Stargate  
  34  6:34  Probe (Chrono Boost)  
  35  6:46  Probe (Chrono Boost)  
  36  6:55  Nexus  
  36  6:58  Probe (Chrono Boost)  
  37  7:06  Twilight Council  
  38  7:10  Probe (Chrono Boost)  
  38  7:13  Pylon  
  38  7:16  Pylon  
  38  7:19  Assimilator  
  38  7:22  Probe (Chrono Boost)  
  39  7:24  Assimilator  
  39  7:28  Oracle  
  42  7:34  Probe (Chrono Boost)  
  43  7:42  Photon Cannon  
  43  7:44  Photon Cannon  
  43  7:46  Photon Cannon, Probe (Chrono Boost)  
  43  7:49  Photon Cannon  
  44  7:57  Dark Shrine  
  45  7:58  Probe (Chrono Boost)  
  46  8:13  Probe (Chrono Boost)  
  46  8:23  Probe (Chrono Boost)  
  47  8:34  Probe (Chrono Boost)  
  48  8:44  Probe (Chrono Boost)  
  48  8:47  Stalker x4  
  57  8:55  Probe (Chrono Boost)  
  58  9:05  Probe (Chrono Boost)  
  56  9:24  Stalker x4  
  56  9:25  Stalker  
  66  9:54  Dark Templar  
  66  9:55  Dark Templar x4  
  68  11:01  Stalker x4  
  68  11:02  Stalker  
Show
View Real Time Build Order
Export as new Build Order

Myran Protoss - Winner!

Build Orders:  

Get SALT Encoding   

  12  0:02  Probe (Chrono Boost)  
  13  0:18  Probe (Chrono Boost)  
  14  0:24  Pylon  
  15  0:28  Probe (Chrono Boost)  
  15  0:44  Probe (Chrono Boost)  
  15  0:49  Forge  
  16  0:54  Probe (Chrono Boost)  
  17  0:59  Pylon  
  17  1:26  Photon Cannon  
  17  1:31  Probe (Chrono Boost)  
  17  1:41  Probe (Chrono Boost)  
  17  1:46  Gateway  
  18  1:50  Pylon  
  18  1:52  Probe (Chrono Boost)  
  19  2:03  Probe (Chrono Boost)  
  19  2:07  Nexus  
  20  2:17  Probe (Chrono Boost)  
  21  2:27  Probe (Chrono Boost)  
  22  2:33  Photon Cannon, Zealot  
  24  2:38  Assimilator  
  24  2:40  Probe (Chrono Boost)  
  24  2:44  Assimilator  
  25  2:50  Probe (Chrono Boost)  
  26  3:01  Probe (Chrono Boost)  
  27  3:11  Probe (Chrono Boost)  
  28  3:19  Probe (Chrono Boost)  
  29  3:22  Probe (Chrono Boost)  
  30  3:27  Photon Cannon  
  30  3:30  Pylon, Probe (Chrono Boost)  
  30  3:32  Probe (Chrono Boost)  
  32  3:40  Assimilator, Probe (Chrono Boost)  
  33  3:43  Probe (Chrono Boost)  
  33  3:45  Assimilator  
  34  3:50  Pylon  
  34  3:51  Probe (Chrono Boost)  
  34  3:53  Probe (Chrono Boost)  
  36  4:02  Probe (Chrono Boost)  
  37  4:04  Probe (Chrono Boost)  
  37  4:07  Cybernetics Core  
  38  4:12  Probe (Chrono Boost)  
  38  4:15  Probe (Chrono Boost)  
  40  4:32  Probe (Chrono Boost)  
  40  4:34  Probe (Chrono Boost)  
  40  4:35  Zealot  
  44  4:47  Stargate x2  
  44  4:54  Pylon  
  44  4:55  Probe (Chrono Boost)  
  44  4:56  Probe (Chrono Boost)  
  46  5:05  Probe (Chrono Boost), Protoss Air Weapons Level 1  
  48  5:07  Probe (Chrono Boost)  
  48  5:27  Void Ray x2  
  56  5:43  Cybernetics Core  
  56  5:45  Pylon  
  56  5:52  Protoss Shields Level 1  
  56  6:04  Void Ray x2  
  64  6:23  Protoss Air Armor Level 1  
  64  6:41  Void Ray x2  
  64  6:46  Gateway  
  64  6:48  Gateway  
  64  6:50  Gateway  
  72  7:00  Warp Gate  
  72  7:07  Fleet Beacon  
  72  7:18  Void Ray  
  76  7:32  Pylon  
  76  7:35  Pylon  
  76  7:38  Pylon  
  76  7:40  Pylon  
  76  7:44  Void Ray  
  80  7:56  Void Ray  
  84  8:17  Protoss Air Weapons Level 2  
  84  8:21  Void Ray  
  84  8:25  Robotics Facility  
  84  8:33  Void Ray  
  90  8:43  Photon Cannon  
  90  8:45  Photon Cannon  
  90  8:47  Pylon  
  90  8:51  Pylon  
  84  9:52  Void Ray  
  84  9:54  Void Ray  
  84  9:57  Forge  
  92  10:08  Observer  
  93  10:57  Pylon  
  93  10:58  Pylon  
  93  11:00  Pylon  
  93  11:02  Pylon  
  93  11:04  Pylon  
  93  11:07  Pylon  
  93  11:10  Void Ray x2  
Tags
 
Add a new tag
Caveats
  • Supply blocks, unpowered buildings, or Contaminate may cause inaccurate times.
  • Supply counts are checked every 10 seconds.